 Dungeon Crawl Stone Soup version 0.21.0-3-g78d12a8bdd (webtiles) character file.

66 Nivus the Shield-Bearer (level 3, 0/33 HPs)
             Began as a Minotaur Fighter on Jan 14, 2018.
             Slain by a sky beast (6 damage)
             ... on level 3 of the Dungeon.
             The game lasted 00:09:13 (1613 turns).

Nivus the Shield-Bearer (Minotaur Fighter)          Turns: 1613, Time: 00:09:14

Health: 0/33       AC:  9    Str: 21    XL:     3   Next: 96%
Magic:  2/2        EV:  5    Int:  5    God:
Gold:   55         SH:  9    Dex:  9    Spells: 2/2 levels left

rFire    . . .     SeeInvis .   a - +0 war axe
rCold    . . .     Gourm    .   c - +0 shield
rNeg     . . .     Faith    .   l - +0 chain mail {ii}
rPois    .         Spirit   .   (helmet restricted)
rElec    .         Reflect  .   (no cloak)
rCorr    .         Harm     .   (no gloves)
MR       .....                  (no boots)
Stlth    ..........             (no amulet)
HPRegen  0.11/turn              (no ring)
MPRegen  0.08/turn              (no ring)

@: starving
A: retaliatory headbutt, horns 2
a: no special abilities


You were on level 3 of the Dungeon.
You were starving.

You visited 1 branch of the dungeon, and saw 3 of its levels.

You collected 55 gold pieces.

Inventory:

Hand Weapons
 a - a +0 war axe (weapon)
 e - a +0 whip
 h - a +0 short sword
 s - a cursed +0 rapier
 x - a +2 hunting sling of velocity
 z - a +0 club
 B - a +0 dagger
 C - a +0 morningstar
Missiles
 g - 26 sling bullets
 m - 55 arrows
 n - 71 stones (quivered)
Armour
 b - a +0 scale mail
 c - a +0 shield (worn)
 j - a +0 robe
 l - a +0 chain mail (worn) {ii}
 t - a +1 hat
 A - a +0 leather armour
Jewellery
 i - an uncursed amulet of harm {unknown}
Scrolls
 q - a scroll of amnesia {unknown}
 r - a scroll of teleportation {unknown}
 v - 3 scrolls of remove curse {unknown}
 y - 2 scrolls of identify {unknown}
Potions
 d - 2 potions of might
 k - a potion of brilliance {unknown}
 o - a potion of resistance {unknown}
 p - a potion of degeneration {unknown}
 u - a potion of mutation {unknown}
 w - a potion of agility {unknown}
Comestibles
 f - 5 rations


   Skills:
 + Level 4.3 Fighting
 + Level 3.0 Axes
 + Level 4.3 Armour
 + Level 0.3 Dodging
 + Level 4.4 Shields


You had 2 spell levels left.
You didn't know any spells.

Dungeon Overview and Level Annotations

Branches:
Dungeon (3/15)

Altars:


Innate Abilities, Weirdness & Mutations

You reflexively headbutt those who attack you in melee.
You have a pair of horns on your head.


Message History

You slash the sky beast!
The sky beast is heavily wounded.
The sky beast hits you. The sky beast shocks you.
You slash the sky beast!
The sky beast is almost dead.
The sky beast flickers out of sight!
Deactivating autopickup; reactivate with Ctrl-A.
Something hits you but does no damage. x2
You miss something. Your headbutt misses something. Something hits you.
Something shocks you.
* * * LOW HITPOINT WARNING * * *
You see here 10 gold pieces.
You now have 55 gold pieces (gained 10).
Something hits you but does no damage. Something hits you but does no damage.
You hear the slow rusting of a distant drain.
You miss something. Your headbutt misses something. Something hits you.
* * * LOW HITPOINT WARNING * * *
Something shocks you.
You die...

###### #...<#
#.#####
#††...##
###..#...#
.......@.#
.......#...#
.......##.#.#
............#
#########.###
... #' ..


There were no monsters in sight!

Vanquished Creatures
  3 adders
  An ooze (D:1)
  2 worms (D:2)
  2 leopard geckos
  An orc (D:3)
  4 bats
  A giant cockroach (D:2)
  3 goblins
  2 hobgoblins (D:2)
  3 kobolds
  A frilled lizard (D:1)
  4 rats
27 creatures vanquished.

Notes
Turn   | Place    | Note
-------+----------+-------------------------------------------
     0 | D:1      | Nivus the Minotaur Fighter began the quest for the Orb.
     0 | D:1      | Reached XP level 1. HP: 19/19 MP: 0/0
   338 | D:1      | Reached XP level 2. HP: 27/27 MP: 1/1
   699 | D:2      | Reached XP level 3. HP: 21/33 MP: 2/2
  1230 | D:1      | You fall through a shaft!
  1596 | D:3      | Noticed a sky beast
  1613 | D:3      | Slain by a sky beast

Skill      XL: |  1  2  3 |
---------------+----------+-----
Fighting       | 4 |  4.3
Armour         | 4 |  4.3
Shields        | 4 |  4.4
Axes           | 3 |  3.0
Dodging        | |  0.3

Action                   || total
-------------------------++-------
Melee: War axe           ||    76
       Headbutt          ||    10
Armor: Scale mail        ||     2
       Chain mail        ||    59
Dodge: Dodged            ||    22
Block: Shield            ||    40
